cohdb
Replays
Latest Replays
All Replays
Popular Replays
Top Player Replays
Match Explorer
How It Works
Community
CoH3 Stats
Reddit
Sign in to upload your games and track your stats! →
Sign in with Steam
Match 43380938
Unlisted
Match 43380938
Overview
Messages
Build Orders
End
Construct Infanterie Kompanie
Selects Mechanized Battlegroup
Grenadier Squad
MG 42 Machine Gun Team
Grenadier Squad
MG 42 Machine Gun Team
Selects Mobile Repair Stations
Construct Panzergrenadier Kompanie
251 Medium Carrier
251 Medium Carrier
Nyaaa
PRO
D0M1
anioki
FeinerBruno
whiitey08
0
0
Comments
sign in to comment!
No comments posted yet!